 Dungeon Crawl Stone Soup version 0.19-a0-277-g85cb9a5 (webtiles) character file.

244 Kilingo the Charmwright (level 6, -2/47 HPs)
             Began as a Merfolk Skald on May 27, 2016.
             Slain by Pikel
             ... wielding a +2 whip of freezing
              (8 damage)
             ... on level 4 of the Dungeon.
             The game lasted 00:36:34 (3405 turns).

Kilingo the Charmwright (Merfolk Skald)             Turns: 3405, Time: 00:36:34

Health: -2/47      AC:  5    Str: 13    XL:     6   Next: 10%
Magic:  2/9        EV: 11    Int: 13    God:
Gold:   200        SH:  0    Dex: 13    Spells: 3 memorised, 4 levels left

rFire  . . .     SeeInvis .     a - +2 short sword (elec)
rCold  . . .     Gourm    .     u - +0 ring mail
rNeg   . . .     Faith    .     (no shield)
rPois  .         Spirit   .     (no helmet)
rElec  .         Dismiss  .     (no cloak)
rCorr  .         Reflect  .     (no gloves)
SustAt .         Harm     .     (no boots)
MR     .....                    (no amulet)
Stlth  +.........               (no ring)
                                (no ring)

@: about to teleport, infused, not resistant to hostile enchantments, very
unstealthy
A: change form in water, swift swim
a: no special abilities


You were on level 4 of the Dungeon.
You were not hungry.

You visited 1 branch of the dungeon, and saw 4 of its levels.

You collected 200 gold pieces.

Inventory:

Hand Weapons
 a - a +2 short sword of electrocution (weapon)
 b - a +0 dagger of holy wrath
Missiles
 D - 6 exploding tomahawks (quivered)
Armour
 u - a +0 ring mail (worn)
Jewellery
 l - an uncursed ring of magical power {unknown}
 t - a cursed -2 ring of dexterity {unknown}
 F - an uncursed ring of fire {unknown}
Wands
 y - a wand of teleportation (2/9)
 B - a wand of flame (0/48)
Scrolls
 e - a scroll of amnesia {unknown}
 f - 2 scrolls of enchant armour {unknown}
 h - 2 scrolls of remove curse {unknown}
 k - a scroll of teleportation {unknown}
 n - 2 scrolls of magic mapping {unknown}
 r - a scroll of recharging {unknown}
 s - a scroll of identify {unknown}
 v - a scroll of blinking {unknown}
 C - a scroll of fog {unknown}
 E - a scroll of fear {unknown}
Potions
 i - 2 potions of curing {unknown}
 j - a potion of invisibility {unknown}
 m - a potion of haste {unknown}
 o - 2 potions of cure mutation {unknown}
 p - a potion of magic {unknown}
 q - a potion of might {unknown}
 x - a potion of lignification {unknown}
 G - a potion of flight {unknown}
 H - a potion of beneficial mutation {unknown}
Books
 c - a book of Battle

   Spells                             Type                      Level
   a - Infusion                       Charms                       1
   b - Shroud of Golubria             Charms/Translocation         2
   c - Song of Slaying                Charms                       2
   d - Spectral Weapon                Hexes/Charms                 3
   e - Regeneration                   Charms/Necromancy            3
Comestibles
 d - 2 bread rations
 g - 2 meat rations
 w - a royal jelly
 z - a beef jerky
 A - 4 chunks of flesh


   Skills:
 - Level 3.0 Fighting
 - Level 1.6(2.3) Short Blades
   Level 2.1(2.4) Long Blades
 + Level 2.1 Throwing
 - Level 1.4 Armour
 - Level 3.1 Dodging
 - Level 2.3 Stealth
 - Level 2.0 Spellcasting
 - Level 3.2 Charms
 - Level 2.0 Translocations


You had 4 spell levels left.
You knew the following spells:

 Your Spells              Type           Power        Failure   Level  Hunger
a - Infusion              Chrm           #...         17%         1    ##.....
b - Shroud of Golubria    Chrm/Tloc      #.........   30%         2    ###....
c - Song of Slaying       Chrm           #.......     24%         2    ###....


Dungeon Overview and Level Annotations

Branches:
Dungeon (4/15)             Temple (0/1) D:4

Altars:
Ashenzari
Pakellas
Xom

Annotations:
D:4 Eustachio, Pikel


Message History

You barely miss Pikel. The slave hits you.
Your shroud falls apart!
Pikel hits you with a whip of freezing! Pikel freezes you.
The slave closely misses you. The slave hits you.
Evoke which item? (* to show all) (? for menu, Esc to quit)
Zapping:
y - a wand of teleportation {zapped: 2} (will waste charges)
Press: ? - help, Shift-Dir - straight line, f - you, p - Pikel You feel strangely unstable.
Evoking this partially-identified wand wasted a few charges.
The slave hits you. Pikel hits you with a whip of freezing. Pikel freezes you.
* * * LOW HITPOINT WARNING * * *
The slave barely misses you. The slave hits you!
* * * LOW HITPOINT WARNING * * *
Eustachio the Magnificent comes into view.
He is wielding a rapier of protection.
You hit the slave.
There is a sudden explosion of sparks!
The slave is heavily wounded.
The slave barely misses you.
Pikel says, "I'm sure the Orcish Mines are around here somewhere..."
Pikel hits you with a whip of freezing!
You die...

.......# ..
.......####...##
##......[.......###
##................##
...................
.......$...$......#
......$.?..†...p..#
......p........Kp.#
.#..........# #p@.#
.#..p.......# #.p.#
.#.....?....###...###.
.#......................
#...........⌠..>..⌠....
#......................
#..........###.@.#####.
############ #.⌠.# #...#


You could see Eustachio, Pikel and 4 slaves.

Vanquished Creatures
  A scorpion (D:3)
  A centaur skeleton (D:4)
  Natasha (D:4)
  4 adders
  2 oozes
  3 worms
  A dart slug (D:1)
  2 giant geckos
  4 orcs
  7 giant cockroaches
  7 goblins
  15 hobgoblins
  10 kobolds
  3 quokkas
  2 ball pythons
  7 bats
  5 giant newts
  9 rats
84 creatures vanquished.

Vanquished Creatures (others)
  A giant newt (D:2)
  A plant (D:2)
2 creatures vanquished.

Grand Total: 86 creatures vanquished

Notes
Turn   | Place    | Note
--------------------------------------------------------------
     0 | D:1      | Kilingo the Merfolk Skald began the quest for the Orb.
     0 | D:1      | Reached XP level 1. HP: 16/16 MP: 3/3
    24 | D:1      | Reached skill level 1 in Throwing
    48 | D:1      | Reached XP level 2. HP: 18/22 MP: 5/5
    56 | D:1      | Learned a level 2 spell: Shroud of Golubria
   420 | D:1      | Reached XP level 3. HP: 14/27 MP: 0/6
   537 | D:1      | Reached skill level 1 in Translocations
  1195 | D:2      | Reached skill level 1 in Stealth
  1400 | D:2      | Reached XP level 4. HP: 23/33 MP: 2/7
  1626 | D:2      | Found a shattered altar of Ashenzari.
  1626 | D:2      | Found a shimmering altar of Xom.
  2379 | D:3      | Reached skill level 1 in Short Blades
  2736 | D:3      | Reached XP level 5. HP: 35/38 MP: 8/8
  3132 | D:3      | Found an oddly glowing altar of Pakellas.
  3252 | D:4      | Reached skill level 1 in Armour
  3349 | D:4      | Noticed Natasha
  3358 | D:4      | Killed Natasha
  3358 | D:4      | Reached XP level 6. HP: 34/46 MP: 1/9
  3363 | D:4      | Learned a level 2 spell: Song of Slaying
  3378 | D:4      | Noticed a slave
  3386 | D:4      | Noticed a slave
  3387 | D:4      | Noticed Pikel
  3389 | D:4      | Noticed a slave
  3389 | D:4      | Noticed a slave
  3390 | D:4      | Found a staircase to the Ecumenical Temple.
  3405 | D:4      | Noticed Eustachio
  3405 | D:4      | Slain by Pikel

Vault maps used:
D:1:      dpeg_arrival_tiny_f
D:2:      gammafunk_temple_overflow_elements, first_bread,
          serial_bayou_lagoon_a, lemuel_old_faithful
D:3:      johnstein_pakellas_death_squad
D:4:      minmay_temple_entry_junction, uniq_eustachio, uniq_pikel, uniq_natasha

Skill      XL: |  1  2  3  4  5  6 |
---------------+-------------------+-----
Throwing       | 1 2 |  2.1
Translocations | 1 2 |  2.0
Stealth        | 2 |  2.3
Short Blades   | 1 |  1.6
Dodging        | 3 |  3.1
Armour         | 1 |  1.4
Fighting       | 3 |  3.0
Long Blades    | |  2.1
Spellcasting   | |  2.0
Charms         | |  3.2

Action                   |  1- 3 |  4- 6 || total
-------------------------+-------+-------++-------
Melee: Falchion          |   141 |    55 ||   196
       Tailslap          |     4 |       ||     4
       Dagger            |     1 |     7 ||     8
       Short sword       |       |    85 ||    85
Throw: Tomahawk          |       |     2 ||     2
 Cast: Infusion          |     7 |     7 ||    14
       Shroud of Golubri |     5 |     6 ||    11
Evoke: Wand              |       |     2 ||     2
 Stab: Sleeping          |     2 |     4 ||     6
  Eat: Chunk             |     2 |     3 ||     5
       Bread ration      |       |     1 ||     1
Armor: Leather armour    |    41 |     7 ||    48
       Ring mail         |       |    13 ||    13
Dodge: Dodged            |    71 |    83 ||   154
